 Dungeon Crawl Stone Soup version 0.30-b1-5-g8e6c1be481 (console) character file.

Game seed: 12818131540956284156

899 om the Cutter (level 8, 0/66 HPs)
             Began as a Hill Orc Fighter on May 3, 2023.
             Was an Initiate of Beogh.
             Succumbed to a kobold brigand's curare-tipped dart
             ... on level 5 of the Dungeon.
             The game lasted 00:12:22 (4933 turns).

om the Cutter (Hill Orc Fighter)                    Turns: 4933, Time: 00:12:22

Health: 0/66       AC:  9    Str: 18 (21) XL:     8   Next: 7%
Magic:  8/8        EV:  8    Int:  5 (8)  God:    Beogh [......]
Gold:   174        SH:  6    Dex: 13 (16) Spells: 7/7 levels left

rFire   . . .        m - +0 short sword (drain)
rCold   . . .        c - +1 buckler
rNeg    . . .        o - +0 chain mail
rPois   .            (no helmet)
rElec   .            (no cloak)
rCorr   .            (no gloves)
SInv    .            (no boots)
Will    .....        (no amulet) Stlth
                     e - ring of flight
HPRegen 0.31/turn    h - +6 ring of dexterity
MPRegen 0.11/turn

%: no passive effects
@: lethally poisoned (0 -> -13), flying, slowed, very slow
A: no striking features
a: Renounce Religion


You were on level 5 of the Dungeon.
You worshipped Beogh.
Beogh was noncommittal.
You visited 2 branches of the dungeon, and saw 6 of its levels.

You collected 174 gold pieces.

Inventory:

Hand Weapons
 a - a +0 rapier
 m - a +0 short sword of draining (weapon)
Armour
 c - a +1 buckler (worn)
 o - a +0 chain mail (worn)
Jewellery
 e - a ring of flight (left hand)
 h - a +6 ring of dexterity (right hand)
 q - a +6 ring of strength
Wands
 r - a wand of iceblast (1)
Scrolls
 b - 3 scrolls of fog
 i - 4 scrolls of teleportation
 k - 2 scrolls of enchant armour
 s - 2 scrolls of amnesia
 t - a scroll of torment {unknown}
Potions
 d - a potion of flight {unknown}
 f - a potion of curing
 g - a potion of cancellation
 j - a potion of degeneration
 l - 2 potions of magic
 n - 2 potions of lignification
 p - a potion of brilliance {unknown}
 u - a potion of invisibility {unknown}


   Skills:
 - Level 4.0 Fighting
 * Level 6.3 Short Blades
 - Level 5.0 Armour
 + Level 3.2 Dodging
 - Level 5.0 Shields


You had 7 spell levels left.
You didn't know any spells.
Your spell library contained the following spells:

 Spells                   Type           Power      Damage    Failure   Level
 Vhi's Electric Charge    Tloc/Air       0%         N/A       100%        3
 Arcjolt                  Conj/Air       0%         1d10      100%        5
 Maxwell's Capacitive Co  Air            0%         ∞         100%        8


Dungeon Overview and Level Annotations

Branches:
Dungeon (5/15)             Temple (1/1) D:5

Altars:
Ashenzari
Cheibriados
Dithmenos
Elyvilon
Fedhas
Hepliaklqana
Makhleb
Okawaru
Trog
Vehumet
Wu Jian
Xom
Zin
The Shining One

Shops:
D:4 [

Annotations:
D:3 2 transporters, 13Fox's ghost, amateur MiHu


Message History

The curare-tipped dart hits you.
You are poisoned.
You have difficulty breathing.
You feel yourself slow down.
You feel very sick.
The kobold brigand throws a curare-tipped dart.
The curare-tipped dart hits you.
You are more poisoned.
You have difficulty breathing.
You feel as though you will be slow longer.
You feel extremely sick.
The kobold brigand throws a curare-tipped dart.
The curare-tipped dart closely misses you.
The kobold brigand throws a curare-tipped dart.
The curare-tipped dart hits you.
You are lethally poisoned!
You have difficulty breathing.
You feel as though you will be slow longer.
It was a potion of cancellation.
Your magical effects are unravelling.
You feel magically purged.
You feel yourself speed up.
* * * LOW HITPOINT WARNING * * *
You feel extremely sick.
The kobold brigand throws a curare-tipped dart.
The curare-tipped dart hits you.
You are more poisoned.
You have difficulty breathing.
* * * LOW HITPOINT WARNING * * *
You feel yourself slow down.
It was a potion of curing.
You feel better.
The kobold brigand throws a curare-tipped dart.
The curare-tipped dart hits you.
You are poisoned.
You have difficulty breathing.
* * * LOW HITPOINT WARNING * * *
You feel as though you will be slow longer.
It was a potion of degeneration.
There was something very wrong with that liquid.
You feel weakened.
You feel dopey.
You feel clumsy.
You die...

#..........#......# .....
#..........'... ..# .....
#########...#(.#..##'####.####.##
#.................)...)..........
#P...~~~)~~~≈~~~≈)))~~~~)...≈~~≈~
#....≈≈≈~≈≈≈≈≈≈≈≈≈≈≈≈≈≈≈....)≈≈≈≈
#....~≈#####~~~~))~~~~~~....≈~≈~~
#....~≈#go.#.....................
#...P~≈#...#############''''#####
#....~≈###o#...........#)...#....
#....~≈~.#.'..gK@.....)'....'....
#....~~~.#.#...........#....#....
#....~≈~.# ######################
#.P..~≈~.# #....~~~.#
#....~≈).#.# #....~≈~.#.#
#....~≈~.#.# #....~≈###'#
#....~≈#...######################
#....~≈#...#.....................


You could see a kobold brigand, a gnoll and an orc.

Vanquished Creatures
  An ogre (D:4)
  3 scorpions
  2 howler monkeys
  2 hounds (D:5)
  A jelly (D:5)
  An orc priest (D:5)
  A sleepcap (D:5)
  2 iguanas (D:5)
  Jessica (D:3)
  An orc wizard (D:3)
  Terence (D:2)
  6 gnolls (D:5)
  10 adders
  An ufetubus (D:5)
  A worm (D:1)
  4 dart slugs
  21 orcs
  7 endoplasms
  3 giant cockroaches
  3 goblins
  6 hobgoblins
  9 jackals (D:5)
  5 quokkas
  7 ball pythons
  6 bats
  2 frilled lizards
  10 kobolds
  6 rats
123 creatures vanquished.

Vanquished Creatures (others)
  2 gnolls (D:5)
  2 orcs (D:5)
  A fungus (D:5)
  4 plants (D:5)
9 creatures vanquished.

Grand Total: 132 creatures vanquished

Notes
Turn   | Place    | Note
-------+----------+-------------------------------------------
     0 | D:1      | om the Hill Orc Fighter began the quest for the Orb.
     0 | D:1      | Reached XP level 1. HP: 19/19 MP: 1/1
   106 | D:1      | Reached XP level 2. HP: 27/27 MP: 2/2
   549 | D:1      | Reached XP level 3. HP: 11/33 MP: 3/3
  1018 | D:2      | Reached XP level 4. HP: 39/40 MP: 4/4
  1059 | D:2      | Noticed Terence
  1074 | D:2      | Killed Terence
  1075 | D:2      | Reached skill level 3 in Short Blades
  1075 | D:2      | Reached skill level 1 in Dodging
  1528 | D:2      | Found a faded altar of an unknown god.
  1703 | D:3      | Noticed 13Fox's ghost (amateur MiHu)
  1705 | D:3      | Found a transporter.
  1705 | D:3      | Noticed a black bear
  1715 | D:3      | Found a transporter.
  1750 | D:3      | Noticed Jessica
  1753 | D:3      | Killed Jessica
  1754 | D:3      | Reached XP level 5. HP: 46/46 MP: 5/5
  2161 | D:3      | Reached skill level 4 in Short Blades
  2180 | D:3      | Reached XP level 6. HP: 52/52 MP: 6/6
  2303 | D:3      | Found a white marble altar of Elyvilon.
  2303 | D:3      | Found a glowing silver altar of Zin.
  2303 | D:3      | Found a glowing golden altar of the Shining One.
  2575 | D:4      | Found Same's Antique Armour Boutique.
  3345 | D:4      | Found an iron altar of Okawaru.
  3554 | D:5      | Entered Level 5 of the Dungeon
  3566 | D:5      | Reached XP level 7. HP: 51/59 MP: 7/7
  3680 | D:5      | Reached skill level 5 in Short Blades
  3689 | D:5      | Found an ornate altar of the Wu Jian Council.
  3829 | D:5      | Reached skill level 5 in Armour
  3947 | D:5      | Reached skill level 5 in Shields
  4040 | D:5      | Became a worshipper of Beogh the Brigand
  4196 | D:5      | Found a shadowy altar of Dithmenos.
  4284 | D:5      | Found a staircase to the Ecumenical Temple.
  4306 | D:5      | Reached skill level 6 in Short Blades
  4311 | Temple   | Entered the Ecumenical Temple
  4851 | D:5      | Reached XP level 8. HP: 47/66 MP: 8/8
  4931 | D:5      | HP: 2/66 [asphyx]
  4933 | D:5      | Succumbed to a kobold brigand's curare-tipped dart

Illustrated notes

Levels and vault maps discovered:
D:1:      minmay_arrival_stone_box, layout_basic, kennysheep_minor_cross,
          minmay_cut_off
D:2:      layout_basic, chequers_ecumenical_altar_simple, uniq_terence
D:3:      minmay_evil_eye, layout_loops_ring, dreamdust_divine_triumvirate,
          gammafunk_ghost_arena, uniq_jessica
D:4:      layout_loops_ring, lemuel_round_altar, serial_shops, shop,
          chequers_jeans, hangedman_abyss_or_decor_jellyfish_corner
D:5:      lemuel_castle_with_subvaults [lemuel_castle_interior_carwin_1],
          layout_gridville, marbit_many_paths, mainiacjoe_overflow_brackets,
          minmay_temple_entry_fiery
Temple:   nicolae_temple_bog_church

Skill      XL: |  1  2  3  4  5  6  7 |
---------------+----------------------+-----
Fighting       | 4 |  4.0
Short Blades   | 3 4 6 |  6.3
Dodging        | 1 2 3 |  3.2
Armour         | 4 5 |  5.0
Shields        | 4 5 |  5.0

Action                     |  1- 3 |  4- 6 |  7- 9 || total
---------------------------+-------+-------+-------++-------
  Melee: Rapier            |    46 |       |       ||    46
         Short sword       |    45 |   229 |   234 ||   508
 Invoke: Convert to Beogh  |       |       |     1 ||     1
  Evoke: Wand              |       |       |     1 ||     1
    Use: Scroll            |     3 |     5 |       ||     8
         Potion            |       |     1 |     4 ||     5
 Armour: Scale mail        |    26 |     2 |       ||    28
         Chain mail        |       |    74 |    62 ||   136
         Skin              |       |       |    66 ||    66
  Dodge: Dodged            |    27 |    56 |    85 ||   168
  Block: Buckler           |    14 |    45 |    81 ||   140
